 Dungeon Crawl Stone Soup version 0.31-a0-198-g2ad674f65e (webtiles) character file.

Game seed: 14517756782183231280

30 qw the Shooter (level 3, 0/20 HPs)
             Began as a Deep Elf Hunter on June 25, 2023.
             Slain by a goblin
             ... wielding a +0 dagger
             ... led by Robin
              (3 damage)
             ... on level 2 of the Dungeon.
             The game lasted 00:00:22 (769 turns).

qw the Shooter (Deep Elf Hunter)                     Turns: 769, Time: 00:00:22

Health: 0/20       AC:  8    Str: 10    XL:     3   Next: 3%
Magic:  5/5        EV: 11    Int: 13    God:
Gold:   51         SH:  0    Dex: 18    Spells: 2/2 levels left

rFire   . . .        Y - +0 shortbow
rCold   . . .        (shield currently unavailable)
rNeg    . . .        i - +0 ring mail
rPois   +            (no helmet)
rElec   .            (no cloak)
rCorr   .            l - +2 pair of gloves
SInv    .            (no boots)
Will    .....        (no amulet)
Stlth   +            e - ring of poison resistance
HPRegen 0.23/turn    (no ring)
MPRegen 0.09/turn

%: no passive effects
@: no status effects
A: no striking features
a: no special abilities


You were on level 2 of the Dungeon.
You visited 1 branch of the dungeon, and saw 2 of its levels.

You collected 51 gold pieces.


   Skills:
 - Level 1.5 Fighting
 + Level 6.6 Ranged Weapons
 - Level 2.4 Dodging
 - Level 1.2 Stealth


You had 2 spell levels left.
You didn't know any spells.
Your spell library was empty.

Inventory:

Hand Weapons
 Y - a +0 shortbow (weapon)
Armour
 i - a +0 ring mail (worn)
 l - a +2 pair of gloves (worn)
Jewellery
 e - a ring of poison resistance (left hand)
Potions
 d - a potion of attraction {unknown}
 g - a potion of enlightenment {unknown}
 j - a potion of curing {unknown}
 m - a potion of mutation {unknown}

Dungeon Overview and Level Annotations

Branches:
Dungeon (2/15)

Altars:

Shops:
D:1 (

Annotations:
D:2 Robin


Message History

Enter note: You shoot an arrow.
The arrow hits the rat!
You kill the rat!
The goblin hits you with a +0 dagger. The goblin barely misses you.
Terence misses you. The goblin barely misses you.
The hobgoblin hits you but does no damage.
The goblin hits you but does no damage.
You shoot an arrow. The arrow hits Terence.
Terence is moderately wounded.
The goblin completely misses you. The goblin hits you but does no damage.
Terence bares his teeth.
Terence barely misses you. The goblin hits you but does no damage.
The hobgoblin hits you but does no damage.
You shoot an arrow. The arrow hits Terence.
Terence is heavily wounded.
The goblin hits you but does no damage. x2; The goblin barely misses you.
Terence barely misses you. The hobgoblin barely misses you.
You shoot an arrow. The arrow hits Terence.
Terence is severely wounded.
The goblin barely misses you. The goblin misses you.
The goblin hits you but does no damage. Terence hits you with a +0 flail!
The hobgoblin closely misses you.
You shoot an arrow. The arrow barely misses Terence.
Robin roars a battlecry!
The goblins go into a battle-frenzy!
The goblin barely misses you. The goblin hits you with a +0 dagger.
The goblin barely misses you. The hobgoblin closely misses you.
Terence barely misses you. The goblin closely misses you.
The goblin hits you but does no damage. The goblin hits you with a +0 dagger.
Terence looks scornfully at you. Terence barely misses you.
The hobgoblin hits you but does no damage.
You shoot an arrow. The arrow barely misses Terence.
The goblin closely misses you. The goblin hits you with a +0 dagger.
The goblin closely misses you. Terence completely misses you.
The hobgoblin closely misses you.
You shoot an arrow. The arrow hits Terence!
You kill Terence!
The goblin hits you with a +0 dagger. x2
You die...

#. ##............
#. #........#####
.# ##. #........#
... .. #...######
....##. #...#
#.....##...#
##.......gg.#
...$...))gg##
........##@#
......#..ggS......
..#.......g.......
....###...........
.... ##..........
... #)......... ..
#.........>
......#####


You could see Robin, an adder, a hobgoblin and 5 goblins.

Vanquished Creatures
  Terence (D:2)
  4 ball pythons (D:1)
  2 endoplasms (D:1)
  A giant cockroach (D:1)
  6 goblins
  A hobgoblin (D:1)
  6 kobolds
  A quokka (D:2)
  A bat (D:1)
  2 frilled lizards (D:1)
  2 rats
27 creatures vanquished.

Notes
Turn   | Place    | Note
-------+----------+-------------------------------------------
     0 | D:1      | qw the Deep Elf Hunter began the quest for the Orb.
     0 | D:1      | Reached XP level 1. HP: 12/12 MP: 3/3
     0 | D:1      | 0 ||| qw: Version: 0.3-a-22-g0ed2b0b
     0 | D:1      | 0 ||| qw: Game counter: 5030
     0 | D:1      | 0 ||| qw: Melee chars always use a shield: true
     0 | D:1      | 0 ||| qw: God list: Okawaru
     0 | D:1      | 0 ||| qw: Allow faded altars: false
     0 | D:1      | 0 ||| qw: Do Orc after clearing Dungeon:15 true
     0 | D:1      | 0 ||| qw: Do second Lair branch before Depths: true
     0 | D:1      | 0 ||| qw: Lair rune preference: random
     0 | D:1      | 0 ||| qw: Goals: Normal
     0 | D:1      | 0 ||| PLANNING D:1-11
   115 | D:1      | Reached skill level 6 in Ranged Weapons
   115 | D:1      | Reached XP level 2. HP: 16/16 MP: 4/4
   158 | D:1      | Found Dukooqaf's Antique Weapon Shop.
   620 | D:1      | 620 ||| UPGRADING to +0 ring mail.
   630 | D:1      | 630 ||| DROPPING +0 leather armour.
   631 | D:1      | 631 ||| UPGRADING to +2 pair of gloves.
   636 | D:1      | 636 ||| UPGRADING to ring of poison resistance.
   637 | D:1      | 637 ||| DROPPING ring of wizardry.
   638 | D:1      | 638 ||| READING scroll labelled QENWYZO HOETHA.
   639 | D:1      | 639 ||| READING scroll labelled FIKHUH HAUFE.
   640 | D:1      | 640 ||| DROPPING scroll of butterflies.
   751 | D:2      | Noticed Robin
   754 | D:2      | 754 ||| Stepping ~*~*~tactically~*~*~ (outnumbered).
   758 | D:2      | 758 ||| Stepping ~*~*~tactically~*~*~ (outnumbered).
   759 | D:2      | Noticed Terence
   762 | D:2      | Reached XP level 3. HP: 19/20 MP: 5/5
   762 | D:2      | 762 ||| Stepping ~*~*~tactically~*~*~ (outnumbered).
   768 | D:2      | HP: 5/20 [goblin/+0 dagger[Robin] (1)]
   769 | D:2      | Killed Terence
   769 | D:2      | Slain by a goblin

Levels and vault maps discovered:
D:1:      sevenhm_arrival_forest_fort_large_4, layout_rooms, serial_shops,
          shop_fountains, minivault_25, minivault_11
D:2:      layout_basic, uniq_robin, uniq_terence

Skill      XL: |  1 |
---------------+----+-----
Ranged Weapons | 6 |  6.6
Fighting       | |  1.5
Dodging        | |  2.4
Stealth        | |  1.2

Action                     || total
---------------------------++-------
   Fire: Shortbow          ||    82
    Use: Scroll            ||     2
 Armour: Ring mail         ||    23
  Dodge: Dodged            ||    39

Table legend:
 A = Non-vault XP
 B = Vault XP
 C = Vault XP percentage of total XP
 D = Non-vault monster count
 E = Vault monster count
 F = Vault count percentage of total count
                 A         B        C        D         E       F
            +---------+---------+-------+---------+---------+-------
      Total |      35 |      44 |  55.7 |      22 |       5 |  18.5
            +---------+---------+-------+---------+---------+-------
        D:1 |      30 |       0 |   0.0 |      19 |       0 |   0.0
        D:2 |       5 |      44 |  89.8 |       3 |       5 |  62.5
            +---------+---------+-------+---------+---------+-------
